 Dungeon Sprint DCSS version 0.29.1-2-gbd0b4ee654 (webtiles) character file.

Game seed: 17461802187668626786

583 Groucho the Covert (level 7, -5/36 HPs)
             Began as a Spriggan Enchanter on Nov 8, 2022.
             Was a Priest of Uskayaw.
             Slain by an ogre
             ... wielding a +0 giant club
              (32 damage)
             ... in the Dungeon (Sprint VII: "The Pits").
             The game lasted 00:03:47 (840 turns).

Groucho the Covert (Spriggan Enchanter)              Turns: 840, Time: 00:03:48

Health: -5/36      AC:  2    Str:  6    XL:     7   Next: 14%
Magic:  11/19      EV: 17    Int: 16    God:    Uskayaw [***...]
Gold:   0          SH:  0    Dex: 16    Spells: 11/22 levels left

rFire   . . .      SeeInvis +   d - +1 dagger (venom)
rCold   . . .      Faith    .   (no shield)
rNeg    . . .      Spirit   .   b - +0 robe
rPois   .          Reflect  .   (helmet restricted)
rElec   .          Harm     .   (no cloak)
rCorr   .          Rampage  .   (gloves unavailable)
Will    +....      NoTele   +   (boots unavailable)
Stlth   ++++++....              (no amulet)
HPRegen 0.12/turn               (no ring)
MPRegen 0.16/turn               (no ring)

@: very quick
A: very small, no large weapons, unfitting armour, see invisible, speed 3
a: Renounce Religion, Stomp, Line Pass


You were in the Dungeon.
You worshipped Uskayaw.
Uskayaw was noncommittal.
You visited 1 branch

Inventory:

Hand Weapons
 a - a +2 dagger
 d - a +1 dagger of venom (weapon)
Missiles
 l - 10 stones (quivered)
Armour
 b - a +0 robe (worn)
Scrolls
 i - a scroll of blinking
 j - 5 scrolls of amnesia
 k - a scroll of summoning
 m - 2 scrolls of vulnerability
Potions
 c - 4 potions of invisibility
 e - 6 potions of heal wounds
 f - a potion of haste
 g - 3 potions of magic
 h - 2 potions of berserk rage
 n - 5 potions of curing


   Skills:
 * Level 3.6 Fighting
 * Level 5.1 Short Blades
 - Level 2.6 Dodging
 * Level 14.2 Stealth
 + Level 8.0 Spellcasting
 + Level 2.2 Conjurations
 + Level 8.4 Hexes
 + Level 4.8 Invocations


You had 11 spell levels left.
You knew the following spells:

 Your Spells              Type           Power      Damage    Failure   Level
a - Ensorcelled Hibernat  Hex/Ice        38%        N/A       3%          2
b - Confusing Touch       Hex            33%        N/A       1%          3
c - Dazzling Flash        Conj/Hex       46%        N/A       3%          3
d - Tukima's Dance        Hex            33%        N/A       1%          3

Your spell library contained the following spells:

 Spells                   Type           Power      Damage    Failure   Level


Dungeon Overview and Level Annotations

Branches:
Dungeon (1/1)

Altars:
Ashenzari
Cheibriados
Dithmenos
Elyvilon
Fedhas
Gozag
Hepliaklqana
Kikubaaqudgha
Makhleb
Nemelex Xobeh
Okawaru
Qazlal
Ru
Sif Muna
Trog
Uskayaw
Vehumet
Wu Jian
Xom
Yredelemnul
Zin
The Shining One
Jiyva
Lugonu


Innate Abilities, Weirdness & Mutations

You are very small and have problems with some larger weapons.
You are too small for most types of armour.
You have supernaturally acute eyesight. (SInv)
You cover ground extremely quickly. (Speed+++)


Message History

Press: ? - help, Shift-Dir - straight line, f - black bear
Aim: a black bear (chance to affect: 51%)
The black bear looks drowsy...
The helpless black bear fails to defend itself.
You spit the black bear like a pig!!!!
You kill the black bear!
Uskayaw will force your foes to helplessly watch your dance.
Uskayaw prepares the audience for your solo!
Your Stealth skill increases to level 14!
Your Conjurations skill increases to level 2!
You have reached level 7!
The helpless necrophage fails to defend itself.
You skewer the necrophage like a kebab!!!!
You destroy the necrophage!
Uskayaw will force your foes to share their pain.
Your Short Blades skill increases to level 5!
Your Spellcasting skill increases to level 8!
Unknown command.
Unknown command.
Unknown command.
Unknown command.
The ogre shouts!
The ogre barely misses you.
Casting: Ensorcelled Hibernation (safe; 3% risk of failure)
Confirm with . or Enter, or press ? or * to list all spells.
Okay, then.
Aiming: Line Pass
Press: ? - help, Dir - move target, f - ogre
Aim: an ogre, wielding a +0 giant club You can't stand on top of the monster!
Aiming: Line Pass
Press: ? - help, Dir - move target, f - you, p - ogre
Okay, then.
Aiming: Line Pass
Press: ? - help, Dir - move target, p - ogre The ogre appears confused.
The ogre hits you with a +0 giant club!!
Ouch! That really hurt!
You die...

#.#..[)))..##.......#
#'###########.......#
#......†# #########
#.###...# #.#.....#
#.#...#.# #.†...#.#
#...###.# #.....O@+
#########


You could see an ogre (confused).

Vanquished Creatures
  A flying skull (D)
  A floating eye (D)
  A black bear (D)
  A necrophage (D)
  2 scorpions (D)
  An adder (D)
  2 river rats (D)
  An ufetubus (D)
  An adder zombie (D)
  A bat (D)
  An endoplasm (D)
  3 jackals (D)
  A ball python (D)
17 creatures vanquished.

Vanquished Creatures (collateral kills)
  A jackal (D)
1 creature vanquished.

Grand Total: 18 creatures vanquished

Notes
Turn   | Place    | Note
-------+----------+-------------------------------------------
     0 | D        | Groucho the Spriggan Enchanter began the quest for the Orb.
     0 | D        | Reached XP level 1. HP: 9/9 MP: 5/5
     9 | D        | Noticed a scorpion
    12 | D        | Killed a scorpion
    13 | D        | Reached skill level 9 in Stealth
    13 | D        | Reached skill level 5 in Spellcasting
    13 | D        | Reached skill level 5 in Hexes
    13 | D        | Reached XP level 2. HP: 13/13 MP: 6/9
    13 | D        | Reached XP level 3. HP: 16/16 MP: 6/10
    45 | D        | Found a bloodstained altar of Trog.
    45 | D        | Found a shimmering blue altar of Sif Muna.
    45 | D        | Found a viscous altar of Jiyva.
    45 | D        | Found a hazy altar of Hepliaklqana.
    45 | D        | Found an opulent altar of Gozag.
    46 | D        | Found a glowing golden altar of the Shining One.
    46 | D        | Found a glowing silver altar of Zin.
    46 | D        | Found a basalt altar of Yredelemnul.
    46 | D        | Found a shimmering altar of Xom.
    46 | D        | Found an ornate altar of the Wu Jian Council.
    46 | D        | Found a sacrificial altar of Ru.
    46 | D        | Found a stormy altar of Qazlal.
    46 | D        | Found an iron altar of Okawaru.
    46 | D        | Found a sparkling altar of Nemelex Xobeh.
    46 | D        | Found a burning altar of Makhleb.
    46 | D        | Found a blossoming altar of Fedhas.
    46 | D        | Found a white marble altar of Elyvilon.
    46 | D        | Found a shadowy altar of Dithmenos.
    46 | D        | Found a snail-covered altar of Cheibriados.
    49 | D        | Found a corrupted altar of Lugonu.
    49 | D        | Found a radiant altar of Vehumet.
    50 | D        | Found an ancient bone altar of Kikubaaqudgha.
    50 | D        | Found a hide-covered altar of Uskayaw.
    50 | D        | Found a broken altar of Ashenzari.
    59 | D        | Became a worshipper of Uskayaw the Reveller
    75 | D        | Noticed a floating eye
    78 | D        | Killed a floating eye
    78 | D        | Reached * piety under Uskayaw
    79 | D        | Reached skill level 11 in Stealth
    79 | D        | Reached XP level 4. HP: 21/21 MP: 10/13
    79 | D        | Reached XP level 5. HP: 24/24 MP: 11/15
    82 | D        | Learned a level 2 spell: Ensorcelled Hibernation
    86 | D        | Learned a level 3 spell: Confusing Touch
    90 | D        | Learned a level 3 spell: Dazzling Flash
    94 | D        | Learned a level 3 spell: Tukima's Dance
   100 | D        | Reached skill level 12 in Stealth
   100 | D        | Reached ** piety under Uskayaw
   332 | D        | Reached skill level 1 in Fighting
   821 | D        | Noticed a black bear
   823 | D        | Noticed a flying skull
   823 | D        | Noticed an ogre
   827 | D        | Killed a flying skull
   828 | D        | Reached skill level 13 in Stealth
   828 | D        | Reached skill level 1 in Conjurations
   828 | D        | Reached XP level 6. HP: 32/32 MP: 15/17
   830 | D        | Reached *** piety under Uskayaw
   831 | D        | Reached skill level 14 in Stealth
   831 | D        | Reached XP level 7. HP: 26/36 MP: 14/19
   832 | D        | Reached **** piety under Uskayaw
   833 | D        | Reached skill level 5 in Short Blades
   840 | D        | Slain by an ogre

Illustrated notes

Levels and vault maps discovered:
D:        pitsprint [storerooms_1, entrance_room_1, metal_vault_5, armoury_2,
          mini_pit_1, grid_room_1, main_hall_1, silver_pit, the_coven_1,
          the_vestibule_1, steel_vault_4, golden_pit, hallway_of_sentries,
          crystal_vault_2, iron_vault_1, final_vault]

Skill      XL: |  1  2  3  4  5  6  7 |
---------------+----------------------+-----
Stealth        | 9 11 13 14 | 14.2
Spellcasting   | 5 6 7 8 |  8.0
Hexes          | 5 7 8 |  8.4
Invocations    | 3 4 |  4.8
Fighting       | 2 3 |  3.6
Short Blades   | 4 5 |  5.1
Conjurations   | 1 2 |  2.2
Dodging        | |  2.6

Action                   |  1- 3 |  4- 6 |  7- 9 || total
-------------------------+-------+-------+-------++-------
Melee: Dagger            |     2 |    29 |     1 ||    32
 Cast: Ensorcelled Hiber |       |     9 |       ||     9
       Confusing Touch   |       |     1 |       ||     1
Invok: Line Pass         |       |     2 |     1 ||     3
  Use: Potion            |       |     3 |       ||     3
 Stab: Sleeping          |     2 |    10 |       ||    12
       Confused          |       |     1 |       ||     1
       Paralysed         |       |       |     1 ||     1
Armor: Robe              |       |     4 |       ||     4
Dodge: Dodged            |       |    26 |     1 ||    27
